Map: Eastwatch LE

Players

fruitcake

  • Race: Terran Terran
  • Spawn Location: 7:00

comanderMax - Winner!

  • Race: Terran Terran
  • League: Gold
  • Spawn Location: 1:00

VOD

Have the link to the VOD?

Description

Time

  • Played on: May 9, 2018, 5:42 p.m.
  • Length: 11:55
Show
View Real Time Build Order
Export as new Build Order

fruitcake Terran 

Build Orders:  

Get SALT Encoding   

  12  0:00  SCV  
  13  0:19  SCV  
  14  0:21  Supply Depot  
  14  0:24  Refinery  
  14  0:31  SCV  
  15  0:43  Barracks  
  15  0:48  SCV  
  16  1:02  Barracks  
  16  1:04  SCV  
  17  1:17  SCV  
  18  1:23  Supply Depot  
  18  1:29  SCV  
  19  1:39  Reaper  
  20  1:45  SCV  
  21  1:47  Refinery  
  21  2:02  Reaper  
  22  2:08  Orbital Command  
  22  2:18  Barracks Reactor  
  22  2:28  Bunker  
  23  2:46  SCV  
  24  2:56  Barracks  
  23  2:59  SCV  
  23  3:01  Barracks Reactor  
  23  3:02  Marine x2  
  25  3:12  Bunker  
  25  3:20  Marine x2  
  27  3:37  Factory  
  27  3:38  Marine x2  
  28  3:47  Marine x2  
  27  3:55  Marine  
  27  3:56  Marine  
  28  4:10  Marine x3  
  28  4:16  Marine  
  31  4:17  Marine  
  28  4:28  Marine x3  
  31  4:45  Supply Depot  
  31  4:54  Barracks Tech Lab  
  31  5:06  Marine x4  
  35  5:18  Supply Depot  
  35  5:24  Marine x2  
  35  5:25  Starport  
  37  5:39  Command Center  
  37  5:41  Supply Depot  
  37  5:42  Marine x2  
  39  5:48  SCV  
  40  6:03  Marine  
  40  6:04  Marine x2, Marauder  
  44  6:07  Medivac  
  47  6:12  Factory Tech Lab  
  47  6:22  Starport  
  49  6:25  Marauder  
  49  6:29  Engineering Bay  
  49  6:37  SCV  
  50  6:49  SCV  
  38  6:55  Marine x2  
  38  6:56  Marine, Liberator, Marauder  
  28  7:01  SCV  
  28  7:28  Marine  
  28  7:29  Marine x2  
  31  7:41  Marine  
  32  7:46  Marine x2  
  32  7:47  Marine  
  21  8:05  SCV  
  21  8:13  Hellion  
  21  8:17  SCV  
  24  8:21  Marine x2  
  24  8:22  Liberator  
  26  8:30  SCV  
  30  8:55  SCV  
  31  9:05  Liberator  
  31  9:06  Hellion  
  31  9:07  SCV  
  34  9:13  Starport Reactor  
  34  9:21  SCV  
  38  9:33  SCV  
  39  9:45  SCV  
  40  10:01  Command Center  
  40  10:15  Missile Turret  
  40  10:24  SCV  
  41  10:32  Marine  
  42  10:37  Factory Tech Lab  
  42  10:46  Liberator x2  
  34  11:13  Marine  
  34  11:14  Marine x2  
  37  11:21  Marine  
  40  11:40  SCV  
Show
View Real Time Build Order
Export as new Build Order

comanderMax Terran - Winner!

Build Orders:  

Get SALT Encoding   

  12  0:03  SCV  
  13  0:16  Supply Depot  
  13  0:34  SCV  
  14  0:39  Barracks  
  14  0:48  Barracks  
  14  0:49  SCV  
  15  1:01  SCV  
  16  1:13  SCV  
  17  1:25  SCV  
  18  1:27  Refinery  
  18  1:28  Marine, Supply Depot  
  19  1:37  Marine, SCV  
  21  1:46  Marine  
  22  1:49  SCV  
  23  1:55  Marine  
  24  2:01  SCV  
  24  2:03  Refinery  
  24  2:04  Marine  
  26  2:13  Marine  
  26  2:14  SCV, Supply Depot  
  28  2:22  Marine  
  29  2:26  SCV  
  30  2:30  Marine  
  31  2:38  SCV  
  31  2:39  Marine  
  33  2:48  Marine, Factory  
  34  2:57  Marine  
  35  3:03  SCV  
  36  3:06  Marine  
  36  3:08  Supply Depot  
  37  3:15  Marine, SCV  
  39  3:29  Marine  
  39  3:30  Supply Depot  
  39  3:32  Factory Tech Lab  
  39  3:33  Marine  
  41  3:47  Marine  
  41  3:51  Marine  
  42  4:05  Marine  
  42  4:08  Marine  
  38  4:25  Siege Tank  
  38  4:26  Marine x2  
  43  4:35  Starport  
  43  4:44  Marine x2  
  45  4:47  Supply Depot  
  45  4:57  Siege Tank  
  45  4:58  Command Center  
  48  5:02  Marine  
  49  5:08  Marine  
  49  5:10  Supply Depot  
  50  5:20  Marine, Medivac  
  53  5:26  Marine  
  53  5:28  Orbital Command  
  54  5:29  Siege Tank  
  57  5:35  Supply Depot  
  57  5:37  Marine  
  58  5:44  Marine  
  59  5:55  Marine  
  60  6:02  Marine  
  61  6:12  SCV  
  62  6:18  Supply Depot  
  62  6:24  SCV  
  63  6:26  Starport Tech Lab  
  63  6:28  SCV  
  64  6:36  SCV  
  65  6:40  SCV  
  65  6:42  Refinery  
  65  6:43  Factory  
  64  6:48  SCV  
  64  6:52  SCV  
  60  7:00  SCV  
  56  7:08  Siege Tank  
  59  7:09  Marine  
  59  7:10  Marine  
  61  7:27  Marine x2  
  61  7:40  Siege Tank  
  61  7:44  SCV  
  65  7:45  Marine x2  
  65  7:48  Factory Tech Lab  
  64  7:52  Viking  
  64  7:56  SCV  
  64  8:01  Supply Depot  
  56  8:08  SCV  
  56  8:11  Siege Tank  
  56  8:12  Siege Tank  
  63  8:15  Marine  
  64  8:20  SCV  
  64  8:22  Viking  
  64  8:25  Supply Depot  
  65  8:32  SCV  
  63  8:43  Siege Tank  
  63  8:44  SCV, Siege Tank  
  70  8:51  Raven  
  72  8:56  SCV  
  72  8:59  SCV  
  74  9:08  SCV  
  74  9:09  Command Center  
  75  9:13  Refinery  
  75  9:20  SCV  
  76  9:25  Starport  
  76  9:26  Siege Tank  
  76  9:27  Widow Mine  
  76  9:31  Marine x2  
  82  9:34  Viking  
  85  9:48  Widow Mine  
  85  9:49  Marine x2  
  89  9:53  SCV  
  89  9:58  Orbital Command  
  90  10:04  Viking  
  90  10:05  SCV  
  90  10:06  Marine  
  90  10:07  Marine  
  95  10:17  SCV  
  96  10:29  SCV  
  97  10:41  SCV  
  98  11:12  Starport Tech Lab  
  101  11:21  Orbital Command  
  101  11:22  Armory  
  101  11:28  Refinery  
  101  11:30  Refinery  
  101  11:37  SCV  
Tags
 
League
Gold
Matchup
TvT
Race
Terran
Spawn Locations
Cross Positions
Add a new tag
Caveats
  • Supply blocks, unpowered buildings, or Contaminate may cause inaccurate times.
  • Supply counts are checked every 10 seconds.